 Dungeon Crawl Stone Soup version 0.28.0-53-g5a82cb258f (webtiles) character file.

Game seed: 5399750541465330149

2736 Gabide the Protected (level 9, -2/62 HPs)
             Began as a Barachi Hunter on May 23, 2022.
             Was an Initiate of Gozag.
             Slain by a black bear (3 damage)
             ... on level 7 of the Dungeon.
             The game lasted 00:16:38 (12350 turns).

Gabide the Protected (Barachi Hunter)              Turns: 12350, Time: 00:16:39

Health: -2/62      AC: 21    Str: 16    XL:     9   Next: 67%
Magic:  9/9        EV:  6    Int: 17    God:    Gozag
Gold:   3          SH:  0    Dex: 15    Spells: 8/8 levels left

rFire   + + .      SeeInvis .   b - +0 short sword
rCold   . . .      Faith    .   (no shield)
rNeg    + + .      Spirit   .   A - +4 plate armour of Xiblad Wubixt {rElec rF+ rN++}
rPois   .          Reflect  .   (no helmet)
rElec   +          Harm     .   D - +1 cloak
rCorr   .          Rampage  .   (no gloves)
Will    .....                   (no boots)
Stlth   ..........              (no amulet)
HPRegen 0.20/turn               h - +6 ring of intelligence
MPRegen 0.11/turn               o - ring of protection from fire

@: unable to hop, slow
A: amphibious, slowness 1, strong legs 1, +LOS
a: Hop, Renounce Religion, Potion Petition, Call Merchant, Bribe Branch


You were on level 7 of the Dungeon.
You worshipped Gozag.
Gozag was noncommittal.
You visited 2 branches of the dungeon, and saw 9 of its levels.

You collected 307 gold pieces.
You paid 304 gold pieces to Gozag.

Inventory:

Hand Weapons
 b - a +0 short sword (weapon)
 q - a +2 mace
 v - a +0 vorpal spear
Missiles
 g - 8 bolts
Armour
 c - a +0 leather armour
 d - a +0 chain mail
 r - a +0 ring mail
 A - the +4 plate armour of Xiblad Wubixt (worn) {rElec rF+ rN++}
   (You found it on level 5 of the Dungeon)

   rF:        It protects you from fire.
   rElec:     It insulates you from electricity.
   rN:        It greatly protects you from negative energy.
 D - a +1 cloak (worn)
Jewellery
 h - a +6 ring of intelligence (left hand)
 o - a ring of protection from fire (right hand)
 p - a ring of ice
 C - a ring of resist corrosion
Scrolls
 n - a scroll of fog
 t - 2 scrolls of immolation
Potions
 f - 3 potions of attraction


   Skills:
 - Level 2.4 Fighting
 - Level 2.0 Short Blades
 - Level 10.0 Crossbows
 * Level 10.7 Armour
 - Level 2.1 Dodging
 - Level 0.8 Stealth


You had 8 spell levels left.
You didn't know any spells.
Your spell library contained the following spells:

 Spells                   Type           Power      Damage    Failure   Level
 Animate Skeleton         Necr           0%         N/A       100%        1
 Apportation              Tloc           0%         N/A       100%        1
 Summon Small Mammal      Summ           0%         N/A       100%        1
 Passage of Golubria      Tloc           0%         N/A       100%        4
 Silence                  Hex/Air        0%         N/A       100%        5
 Lehudib's Crystal Spear  Conj/Erth      0%         10d2      100%        8


Dungeon Overview and Level Annotations

Branches:
Dungeon (8/15)             Temple (1/1) D:5
   Lair: D:8-11

Altars:
Ashenzari
Cheibriados
Elyvilon
Gozag
Hepliaklqana
Kikubaaqudgha
Makhleb
Nemelex Xobeh
Okawaru
Ru
Sif Muna
Trog
Uskayaw
Xom
Yredelemnul
Zin
The Shining One

Annotations:
D:7 Maurice


Innate Abilities, Weirdness & Mutations

You are amphibious.
You cover ground slowly.
You can hop short distances.
You have an extended range of vision and can be seen from far away.


Message History

The black bear barely misses you.
The black bear claws you but does no damage.
The black bear completely misses you.
Unknown command.
You barely miss the black bear.
The black bear is almost dead.
The black bear bites you.
* * * LOW HITPOINT WARNING * * *
The black bear claws you but does no damage.
The black bear completely misses you.
You hit the black bear but do no damage.
The black bear is almost dead.
The black bear bites you but does no damage.
The black bear barely misses you. The black bear claws you.
* * * LOW HITPOINT WARNING * * *
The black bear closely misses you. The black bear barely misses you.
The black bear claws you but does no damage.
Magic scrolls do not work when you're silenced!
Okay, then.
The black bear bites you.
* * * LOW HITPOINT WARNING * * *
The black bear claws you but does no damage.
The black bear claws you.
* * * LOW HITPOINT WARNING * * *
The black bear rages.
The black bear bites you but does no damage.
The black bear claws you but does no damage. x2
The black bear bites you but does no damage.
The black bear claws you but does no damage. x2
The black bear bites you.
* * * LOW HITPOINT WARNING * * *
The black bear claws you but does no damage. x2
Your hearing returns.
The black bear bites you.
* * * LOW HITPOINT WARNING * * *
The black bear claws you.
* * * LOW HITPOINT WARNING * * *
The black bear claws you.
You die...
Your body crumbles into a pile of gold.

...#....#...#......####### ##..
...'....+...#......##....## #...
####....###'##.....##..)..# #...
.............#.....##....######..
...........<.#.....#.....##..##..
.............'.....##....##..##..
....#'##.....########....##...'..
....#..#............#....#....#..
....#..'........@...#....'....#..
....#..#.........hh.###'###..##..
#####..#..................#..##..
.......#..................#......
<......#############......#......
............#......#......##'##'#
............#.......######.......
##'##..##..###.###..# #.......
#..###'##..###.#....# #.......


You could see 2 black bears.

Vanquished Creatures
  An unseen horror (D:7)
  Duvessa (D:5)
  2 water moccasins
  An ice beast (D:7)
  A sky beast (D:5)
  An orc warrior (D:7)
  3 ogres
  A necrophage (D:6)
  2 phantoms
  A centaur (D:7)
  5 bullfrogs
  4 scorpions
  Dowan (D:5)
  A wight (D:4)
  2 centaur zombies
  2 orc priests (D:7)
  2 gnoll shamans (D:5)
  2 iguanas
  2 orc wizards (D:7)
  2 killer bee zombies
  A howler monkey zombie (D:6)
  12 adders
  12 gnolls
  A howler monkey skeleton (D:5)
  A white imp (D:6)
  An ufetubus (D:7)
  2 worms (D:2)
  3 dart slugs
  5 orcs
  10 endoplasms
  6 giant cockroaches
  7 goblins
  6 hobgoblins
  9 jackals
  9 kobolds
  3 quokkas
  12 ball pythons
  6 bats
  5 frilled lizards
  4 rats
152 creatures vanquished.

Vanquished Creatures (others)
  7 fungi (D:8)
  6 plants (D:8)
13 creatures vanquished.

Grand Total: 165 creatures vanquished

Notes
Turn   | Place    | Note
-------+----------+-------------------------------------------
     0 | D:1      | Gabide the Barachi Hunter began the quest for the Orb.
     0 | D:1      | Reached XP level 1. HP: 17/17 MP: 1/1
   304 | D:1      | Reached XP level 2. HP: 20/23 MP: 2/2
   833 | D:1      | Reached XP level 3. HP: 15/28 MP: 3/3
  1002 | D:1      | Reached skill level 5 in Crossbows
  1661 | D:2      | Reached XP level 4. HP: 34/34 MP: 4/4
  2567 | D:2      | Reached XP level 5. HP: 39/39 MP: 5/5
  2939 | D:3      | Noticed an ogre
  3271 | D:3      | Killed an ogre
  3272 | D:3      | Reached XP level 6. HP: 46/46 MP: 6/6
  4653 | D:5      | Entered Level 5 of the Dungeon
  4760 | D:5      | Reached XP level 7. HP: 26/51 MP: 7/7
  5197 | D:5      | Noticed Dowan
  5198 | D:5      | Noticed Duvessa
  5206 | D:5      | Killed Duvessa
  5223 | D:5      | Killed Dowan
  5323 | D:5      | Found a staircase to the Ecumenical Temple.
  5367 | Temple   | Entered the Ecumenical Temple
  5518 | Temple   | Became a worshipper of Gozag Ym Sagoz the Greedy
  6088 | D:5      | Reached XP level 8. HP: 57/57 MP: 8/8
  6270 | D:5      | Reached skill level 10 in Crossbows
  6270 | D:5      | Reached skill level 1 in Short Blades
  6310 | D:5      | Identified the +4 plate armour of Xiblad Wubixt {rElec rF+
                  | rN++}
  6414 | D:6      | Reached skill level 1 in Armour
  6952 | D:6      | Reached skill level 5 in Armour
  7462 | D:6      | Identified the +2 hunting sling "Moohi" {vorpal, Str+4}
  7514 | D:6      | Found a hazy altar of Hepliaklqana.
  7660 | D:7      | Reached XP level 9. HP: 28/62 MP: 9/9
  7831 | D:7      | Found an iron altar of Okawaru.
  8201 | D:7      | HP: 2/62 [something (6)]
  8210 | D:7      | Killed an unseen horror
  8552 | D:7      | Found a glowing golden altar of the Shining One.
  9072 | D:7      | Reached skill level 10 in Armour
 10093 | D:8      | Noticed Maurice
 12350 | D:7      | HP: 3/62 [black bear (1)]
 12350 | D:7      | HP: 1/62 [black bear (2)]
 12350 | D:7      | Slain by a black bear

Illustrated notes

Levels and vault maps discovered:
D:1:      minmay_arrival_widening_spiral_wide, layout_basic
D:2:      kennysheep_six_static_rooms, layout_loops_ring, minmay_liquid_box
D:3:      layout_loops_ring
D:4:      layout_rooms, chequers_serial_rivers_micro_d, minmay_box_of_dots
D:5:      layout_basic, minmay_temple_entry_junction_2,
          kennysheep_generic_room_10, uniq_duvessa
D:6:      layout_rooms, worldfamousw_hep_ancestral_shrine, minmay_misc_feat_room
D:7:      layout_gridville, hangedman_feature_mirror, amethyst_killhole,
          grunt_ministairs_15, minmay_small_thing
D:8:      layout_loops_ring, lemuel_crystal_altar, grunt_qazlal_clouds,
          grunt_lair_entry_orc_guard_hut, minmay_ruffians, uniq_prince_ribbit1,
          uniq_maurice, uniq_psyche
Temple:   eino_temple_rhombus

Skill      XL: |  1  2  3  4  5  6  7  8  9 |
---------------+----------------------------+-----
Crossbows      | 5 6 7 8 9 10 | 10.0
Short Blades   | 2 |  2.0
Armour         | 7 10 | 10.7
Fighting       | |  2.4
Dodging        | |  2.1
Stealth        | |  0.8

Action                   |  1- 3 |  4- 6 |  7- 9 || total
-------------------------+-------+-------+-------++-------
Melee: Short sword       |   133 |   120 |   139 ||   392
       Punch             |       |     3 |     3 ||     6
 Fire: Hand crossbow     |     6 |    94 |   235 ||   335
Throw: Throwing net      |       |       |     3 ||     3
Invok: Potion Petition   |       |       |     1 ||     1
 Abil: Hop               |       |     9 |     6 ||    15
  Use: Scroll            |       |     7 |     9 ||    16
       Potion            |       |       |     7 ||     7
 Stab: Sleeping          |     1 |     3 |       ||     4
       Held in net/web   |       |       |     2 ||     2
Armor: Leather armour    |    48 |    28 |       ||    76
       Ring mail         |       |    15 |    36 ||    51
       Plate armour      |       |       |   141 ||   141
Dodge: Dodged            |   102 |   105 |    89 ||   296
